 Dungeon Crawl Stone Soup version 0.20.0-8-g6b59dc7 (webtiles) character file.

2302 Kosschaser the Basher (level 9, -1/54 HPs)
             Began as a Gargoyle Skald on May 30, 2017.
             Slain by a two-headed ogre
             ... wielding a +0 giant club
              (14 damage)
             ... on level 9 of the Dungeon.
             The game lasted 00:25:12 (8539 turns).

Kosschaser the Basher (Gargoyle Skald)              Turns: 8539, Time: 00:25:13

Health: -1/54      AC: 14    Str: 15    XL:     9   Next: 40%
Magic:  12/12      EV: 16    Int: 14    God:
Gold:   292        SH:  0    Dex: 15    Spells: 11/12 levels left

rFire    . . .     SeeInvis .   p - +2 flail (holy)
rCold    . . .     Gourm    .   (no shield)
rNeg     + . .     Faith    .   a - +0 scale mail
rPois    ∞         Spirit   .   (no helmet)
rElec    +         Reflect  .   x - +0 cloak
rCorr    .         Harm     .   (no gloves)
MR       .....                  (no boots)
Stlth    ..........             (no amulet)
Regen    0.2/turn               u - +3 ring of dexterity
MPRegen  0.2/turn               n - +4 ring of evasion

@: no status effects
A: negative energy resistance 1, electricity resistance, unbreathing,
petrification resistance, rot immunity, AC +5
a: no special abilities


You were on level 9 of the Dungeon.
You were not hungry.

You visited 1 branch of the dungeon, and saw 9 of its levels.

You collected 292 gold pieces.

Inventory:

Hand Weapons
 p - a +2 flail of holy wrath (weapon)
Armour
 a - a +0 scale mail (worn)
 b - a +0 leather armour
 x - a +0 cloak (worn)
Jewellery
 n - a +4 ring of evasion (right hand)
 r - an uncursed ring of protection from magic
 u - a +3 ring of dexterity (left hand)
 G - an uncursed ring of protection from cold {unknown}
Scrolls
 e - a scroll of remove curse
 g - a scroll of fog
 i - a scroll of fear
 t - a scroll of magic mapping {unknown}
 v - 2 scrolls of teleportation {unknown}
 w - 2 scrolls of amnesia {unknown}
 y - 2 scrolls of recharging {unknown}
 A - a scroll of blinking {unknown}
 B - 2 scrolls of vulnerability {unknown}
 C - a scroll of enchant armour {unknown}
 D - a scroll of identify
 F - a scroll of acquirement {unknown}
Potions
 f - a potion of agility {unknown}
 h - 2 potions of degeneration {unknown}
 k - a potion of flight {unknown}
 m - 2 potions of heal wounds {unknown}
 o - 3 potions of curing {unknown}
 q - a potion of resistance {unknown}
 z - a potion of invisibility {unknown}
Books
 c - a book of Battle

   Spells                             Type                      Level
   a - Infusion                       Charms                       1
   b - Shroud of Golubria             Charms/Translocation         2
   c - Song of Slaying                Charms                       2
   d - Spectral Weapon                Hexes/Charms                 3
   e - Regeneration                   Charms/Necromancy            3
Comestibles
 d - 7 bread rations
 j - 5 royal jellies
 l - 5 meat rations
 s - a fruit
 E - a chunk of flesh


   Skills:
 + Level 5.0 Fighting
 + Level 8.3 Maces & Flails
 + Level 5.2 Armour
 * Level 5.6 Dodging
 - Level 0.2 Stealth
 + Level 2.0 Spellcasting
 + Level 2.9 Charms


You had 11 spell levels left.
You knew the following spells:

 Your Spells              Type           Power        Failure   Level  Hunger
a - Infusion              Chrm           #...         26%         1    ##.....


Dungeon Overview and Level Annotations

Branches:
Dungeon (9/15)
 Temple: D:4-7         Lair: D:8-11         Orc: D:9-12

Altars:


Innate Abilities, Weirdness & Mutations

You are resistant to torment.
Your stone body is resilient. (AC +5)
You are immune to poison.
You resist negative energy. (rN+)
You are resistant to electric shocks. (rElec)
You can survive without breathing.
You are immune to petrification.
You are immune to rotting.


Message History

You sock the two-headed ogre!
The two-headed ogre is heavily wounded.
The two-headed ogre hits you with a giant club!
The two-headed ogre barely misses you.
You sock the two-headed ogre!
The two-headed ogre is severely wounded.
You hit the two-headed ogre.
The two-headed ogre is severely wounded.
The two-headed ogre hits you with a giant club!
The two-headed ogre misses you.
You completely miss the two-headed ogre.
The two-headed ogre is severely wounded.
The two-headed ogre hits you with a giant club.
The two-headed ogre hits you with a giant spiked club!
* * * LOW HITPOINT WARNING * * *
You sock the two-headed ogre!
The two-headed ogre is almost dead.
The two-headed ogre barely misses you.
The two-headed ogre hits you with a giant spiked club!
You die...

### #.## #.. #.# ##.##
#######
##...###.....#+#.#. ##
##..................
..####..##†.....@O......
...###..##..............
...###..#+..............
.#..##..##[.............
##..#..##...............
##....##....#..#......##
##...# ###..............
###### ##.############
##...


You could see a two-headed ogre.

Vanquished Creatures
  The ghost of Kosschaser the Cudgeler, an amateur GrSk (D:4)
  2 ice beasts
  2 phantoms
  An ogre (D:5)
  2 centaurs
  Blork the orc (D:5)
  A bullfrog (D:7)
  A wyvern skeleton (D:7)
  4 scorpions
  2 howler monkeys
  3 crimson imps
  4 hounds
  A bullfrog zombie (D:9)
  A jelly (D:8)
  A centaur zombie (D:6)
  A centaur skeleton (D:4)
  4 orc priests
  A bullfrog skeleton (D:4)
  2 iguanas
  5 orc wizards
  5 worker ants
  A worker ant zombie (D:5)
  9 adders
  3 gnolls (D:6)
  A shadow imp (D:5)
  2 oozes
  An adder skeleton (D:4)
  2 dart slugs
  4 leopard geckos
  29 orcs
  7 giant cockroaches
  4 goblins
  6 hobgoblins
  20 jackals
  2 kobolds (D:2)
  A ball python (D:2)
  3 bats (D:1)
  3 frilled lizards
  A quokka skeleton (D:5)
  9 rats
153 creatures vanquished.

Notes
Turn   | Place    | Note
-------+----------+-------------------------------------------
     0 | D:1      | Kosschaser the Gargoyle Skald began the quest for the Orb.
     0 | D:1      | Reached XP level 1. HP: 12/12 MP: 3/3
   287 | D:1      | Reached XP level 2. HP: 18/18 MP: 5/5
   975 | D:2      | Reached XP level 3. HP: 22/22 MP: 6/6
  1449 | D:2      | Reached XP level 4. HP: 11/27 MP: 7/7
  1466 | D:2      | HP: 1/27 [adder (2)]
  1920 | D:2      | Reached skill level 3 in Maces & Flails
  2193 | D:3      | Reached XP level 5. HP: 4/32 MP: 8/8
  3338 | D:4      | Reached XP level 6. HP: 28/37 MP: 9/9
  3479 | D:4      | Reached skill level 4 in Maces & Flails
  3861 | D:4      | Noticed Kosschaser's ghost (amateur GrSk)
  3927 | D:5      | Entered Level 5 of the Dungeon
  4204 | D:5      | Noticed Blork the orc
  4406 | D:4      | Noticed a phantom
  4471 | D:4      | Killed a phantom
  4471 | D:4      | Reached XP level 7. HP: 20/41 MP: 10/10
  4723 | D:4      | Reached skill level 5 in Maces & Flails
  5395 | D:4      | Killed Kosschaser's ghost
  5613 | D:5      | Killed Blork the orc
  5613 | D:5      | Reached XP level 8. HP: 13/48 MP: 11/11
  5754 | D:4      | Reached skill level 6 in Maces & Flails
  7006 | D:6      | Reached skill level 7 in Maces & Flails
  7026 | D:6      | Reached skill level 5 in Dodging
  7566 | D:6      | Reached XP level 9. HP: 52/52 MP: 12/12
  8250 | D:7      | Reached skill level 8 in Maces & Flails
  8250 | D:7      | Reached skill level 5 in Armour
  8357 | D:7      | You fall through a shaft for 2 floors!
  8408 | D:9      | Reached skill level 5 in Fighting
  8490 | D:8      | Noticed a two-headed ogre
  8527 | D:9      | Noticed a two-headed ogre
  8539 | D:9      | Slain by a two-headed ogre

Skill      XL: |  1  2  3  4  5  6  7  8  9 |
---------------+----------------------------+-----
Dodging        | 2 3 4 5 |  5.6
Maces & Flails | 3 4 5 7 8 |  8.3
Armour         | 2 3 4 5 |  5.2
Fighting       | 3 4 5 |  5.0
Stealth        | |  0.2
Spellcasting   | |  2.0
Charms         | |  2.9

Action                   |  1- 3 |  4- 6 |  7- 9 || total
-------------------------+-------+-------+-------++-------
Melee: Mace              |   142 |   293 |       ||   435
       Flail             |       |    11 |   333 ||   344
 Cast: Infusion          |       |     1 |       ||     1
  Use: Scroll            |     5 |       |     4 ||     9
       Potion            |       |     1 |       ||     1
 Stab: Sleeping          |     1 |       |       ||     1
  Eat: Chunk             |     2 |    10 |    13 ||    25
Armor: Leather armour    |    72 |   147 |    17 ||   236
       Skin              |       |    22 |       ||    22
       Scale mail        |       |       |   138 ||   138
Dodge: Dodged            |   122 |   257 |   191 ||   570
